 Dungeon Crawl Stone Soup version 0.30-a0-365-ge7f957f1db (webtiles) character file.

Game seed: 8055861073304534407

98 Manisia the Caller (level 4, 0/24 HPs)
             Began as a Tengu Summoner on Nov 16, 2022.
             Killed by divine providence
             ... invoked by an orc priest
              (8 damage)
             ... on level 3 of the Dungeon.
             The game lasted 00:06:26 (2130 turns).

Manisia the Caller (Tengu Summoner)                 Turns: 2130, Time: 00:06:26

Health: 0/24       AC:  4    Str: 10    XL:     4   Next: 71%
Magic:  11/18      EV: 12    Int: 15    God:
Gold:   149        SH:  0    Dex: 15    Spells: 3/9 levels left

rFire   . . .      SeeInvis .    i - +0 spear
rCold   . . .      Faith    .    (no shield)
rNeg    . . .      Spirit   .    a - +0 robe
rPois   .          Reflect  .    (helmet restricted)
rElec   .          Harm     .    (no cloak)
rCorr   .          Rampage  .    f - +1 pair of gloves
Will    .....                    (boots unavailable)
Stlth   ++........               (no amulet)
HPRegen 0.24/turn                n - ring of magical power
MPRegen 0.16/turn                (no ring)

@: no status effects
A: beak, talons 3
a: no special abilities


You were on level 3 of the Dungeon.
You visited 1 branch of the dungeon, and saw 3 of its levels.

You collected 149 gold pieces.

Inventory:

Hand Weapons
 i - a +0 spear (weapon)
Armour
 a - a +0 robe (worn)
 f - a +1 pair of gloves (worn)
Jewellery
 n - a ring of magical power (left hand)
Wands
 j - a wand of digging (4)
Scrolls
 h - 7 scrolls of teleportation
 k - a scroll of immolation
Potions
 b - 2 potions of magic
 c - a potion of haste {unknown}
 d - a potion of mutation {unknown}
 e - 3 potions of heal wounds {unknown}
 g - a potion of degeneration {unknown}
 o - 2 potions of curing {unknown}


   Skills:
 + Level 0.1 Fighting
 + Level 0.5 Polearms
 + Level 2.4 Dodging
 - Level 2.0 Stealth
 + Level 3.3 Spellcasting
 - Level 6.0 Summonings


You had 3 spell levels left.
You knew the following spells:

 Your Spells              Type           Power      Damage    Failure   Level
a - Summon Small Mammal   Summ           80%        N/A       1%          1
b - Call Imp              Summ           20%        N/A       2%          2
c - Call Canine Familiar  Summ           20%        N/A       4%          3

Your spell library contained the following spells:

 Spells                   Type           Power      Damage    Failure   Level
 Summon Guardian Golem    Hex/Summ       11%        N/A       17%         3
 Summon Lightning Spire   Summ/Air       11%        N/A       50%         4


Dungeon Overview and Level Annotations

Branches:
Dungeon (3/15)

Altars:

Shops:
D:2 (


Innate Abilities, Weirdness & Mutations

You have a beak for a mouth.
You have claws for feet.


Message History

The endoplasm misses you. The orc priest hits you with a +0 whip.
An orc comes into view.
It is wielding a +0 mace and wearing a +0 ring mail of fire resistance.
The orc closely misses you. The orc completely misses your hound.
Your hound bites the orc.
The orc dies!
Your quokka barely misses the endoplasm.
The endoplasm freezes you.
You are frozen.
Your quokka bites the endoplasm. x2
The endoplasm dies!
Your hound bites the orc priest but does no damage.
The orc priest attacks as you move away!
The orc priest hits you with a +0 whip.
The orc priest hits something with a +0 hand axe!
Your quokka bites the orc priest.
Your crimson imp hits the orc.
You hit the orc priest but do no damage.
Your kick misses the orc priest. You peck the orc priest.
The orc priest is heavily wounded.
Your hound closely misses the orc priest.
Your quokka completely misses the orc priest.
The orc priest looks braver for a moment.
The orc closely misses your quokka.
The orc priest invokes the aid of Beogh against you.
Beogh smites you!
Your quokka bites the orc priest.
Your hound misses the orc priest.
Your crimson imp hits the orc.
The orc dies!
Your quokka closely misses the orc priest.
You are too injured to fight recklessly!
Unknown command.
You are too injured to fight recklessly!
Unknown command.
You are too injured to fight recklessly!
You hit the orc priest but do no damage.
You peck the orc priest, but do no damage.
The orc priest is severely wounded.
The orc barely misses your crimson imp.
Your quokka barely misses the orc priest.
Something hits your quokka. Something barely misses your hound.
The orc priest invokes the aid of Beogh against you.
Beogh smites you!
You die...

####....## #.♣...♣...
##.##..#### #..........
#.........# #...♣.).♣..
#.<.......####.....o....
#.........##...♣.5.♣...♣
#.........##.#...)......
#..........#.#.r.♣...♣..
#....†...#...#orh.......
#........###.#@♣)..♣...♣
#........# #.##.........
#........# #...#...#..#
#........# ###.#...# ...
#........# #.....# ##
#........# ....#
#........# #..?.
########## ##.


You could see an orc priest (ally target), an orc, a friendly hound (summoned),
a friendly crimson imp (summoned) and 2 friendly quokkas.

Vanquished Creatures
  A hound zombie (D:3)
  An adder (D:3)
  A ball python (D:3)
  2 endoplasms (D:2)
  A hobgoblin (D:1)
  A kobold (D:1)
  2 ball python skeletons (D:3)
  A bat (D:2)
  A rat (D:1)
11 creatures vanquished.

Vanquished Creatures (collateral kills)
  2 adders (D:2)
  An adder skeleton (D:3)
  A worm (D:2)
  A dart slug (D:1)
  2 orcs (D:3)
  6 ball pythons
  6 endoplasms
  A giant cockroach (D:1)
  4 goblins
  2 hobgoblins
  2 quokkas (D:1)
  A ball python skeleton (D:3)
  5 bats
  A kobold (D:1)
35 creatures vanquished.

Grand Total: 46 creatures vanquished

Notes
Turn   | Place    | Note
-------+----------+-------------------------------------------
     0 | D:1      | Manisia the Tengu Summoner began the quest for the Orb.
     0 | D:1      | Reached XP level 1. HP: 10/10 MP: 4/4
   172 | D:1      | Reached skill level 5 in Summonings
   230 | D:1      | Reached XP level 2. HP: 15/15 MP: 6/6
   233 | D:1      | Learned a level 2 spell: Call Imp
   615 | D:1      | Reached XP level 3. HP: 19/19 MP: 4/7
  1286 | D:2      | Found Ydduiz's Weapon Shoppe.
  1527 | D:2      | Reached skill level 6 in Summonings
  1527 | D:2      | Reached XP level 4. HP: 24/24 MP: 3/9
  1600 | D:2      | Identified the +5 ring mail of Follow the Leader {rElec}
  1831 | D:2      | Learned a level 3 spell: Call Canine Familiar
  2130 | D:3      | Killed from afar by an orc priest

Illustrated notes

Levels and vault maps discovered:
D:1:      ebering_trefoil_3fold, layout_loops_cross
D:2:      layout_basic, serial_shops, nicolae_shop_bloodbath_and_beyond,
          chequers_serial_rivers_marsh
D:3:      layout_basic, old_standard_altar, serial_undead, serial_undead_a,
          serial_undead_d, serial_undead_e, serial_undead_d,
          kennysheep_crisscross

Skill      XL: |  1  2  3  4 |
---------------+-------------+-----
Summonings     | 5 6 |  6.0
Spellcasting   | 3 |  3.3
Fighting       | |  0.1
Polearms       | |  0.5
Dodging        | |  2.4
Stealth        | |  2.0

Action                   |  1- 3 |  4- 6 || total
-------------------------+-------+-------++-------
Melee: Unarmed           |    14 |       ||    14
       Kick              |     4 |     4 ||     8
       Peck              |     3 |     5 ||     8
       Spear             |     8 |    27 ||    35
       Punch             |     1 |       ||     1
 Cast: Summon Small Mamm |    46 |     5 ||    51
       Call Imp          |     8 |     2 ||    10
       Call Canine Famil |       |     2 ||     2
  Use: Scroll            |     2 |     3 ||     5
 Stab: Distracted        |     1 |       ||     1
Armor: Robe              |    16 |     4 ||    20
Dodge: Dodged            |    52 |    17 ||    69

Table legend: (Time is in decaauts)
 A = Elapsed time spent in this place.
 B = Non-inter-level travel time spent in this place.
 C = Inter-level travel time spent in this place.
 D = Time resting spent in this place.
 E = Time spent auto-exploring this place.
 F = Levels seen in this place.
 G = Mean time per level.
                   A        B        C        D        E       F      G
               +--------+--------+--------+--------+--------+-----+--------+
         Total |   2133 |   2058 |     75 |      0 |   1555 |   3 |  711.0 |
       Dungeon |   2133 |   2058 |     75 |      0 |   1555 |   3 |  711.0 |
               +--------+--------+--------+--------+--------+-----+--------+

Top non-repeatable levels by time:
     D:2: 1057 daAuts
     D:1: 882 daAuts
     D:3: 194 daAuts
